 Dungeon Crawl Stone Soup version 0.27.1-4-g1640c2035a (webtiles) character file.

Game seed: 15894444570051815129

14 Crownlay the Digger (level 2, -2/15 HPs)
             Began as a Gargoyle Earth Elementalist on Nov 1, 2021.
             Slain by a worm (10 damage)
             ... on level 2 of the Dungeon.
             The game lasted 00:01:39 (1550 turns).

Crownlay the Digger (Gargoyle Earth Elementalist)   Turns: 1550, Time: 00:01:39

Health: -2/15      AC:  4    Str: 11    XL:     2   Next: 45%
Magic:  4/5        EV: 11    Int: 15    God:
Gold:   29         SH:  0    Dex: 10    Spells: 5/6 levels left

rFire    . . .     SeeInvis .   a - +0 mace
rCold    . . .     Faith    .   (no shield)
rNeg     + . .     Spirit   .   b - +0 robe
rPois    ∞         Reflect  .   (no helmet)
rElec    +         Harm     .   (no cloak)
rCorr    .         Rampage  .   (no gloves)
Will     .....                  (no boots)
Stlth    ++........             (no amulet)
HPRegen  0.05/turn              (no ring)
MPRegen  0.09/turn              (no ring)

@: no status effects
A: sickness immunity, AC +2, negative energy resistance 1, electricity
resistance, torment resistance 1, petrification resistance
a: no special abilities


You were on level 2 of the Dungeon.
You visited 1 branch of the dungeon, and saw 2 of its levels.

You collected 29 gold pieces.

Inventory:

Hand Weapons
 a - a +0 mace (weapon)
Missiles
 c - 54 stones
Armour
 b - a +0 robe (worn)
Jewellery
 f - a ring of protection from fire
Scrolls
 d - a scroll of enchant weapon {unknown}
 g - a scroll of identify {unknown}
 h - a scroll of immolation
Potions
 e - a potion of might {unknown}
 i - a potion of haste {unknown}
 j - a potion of flight {unknown}


   Skills:
 - Level 1.5 Dodging
 - Level 2.1 Stealth
 * Level 2.6 Spellcasting
 - Level 0.7 Transmutations
 + Level 4.0 Earth Magic


You had 5 spell levels left.
You knew the following spells:

 Your Spells              Type           Power      Damage    Failure   Level
a - Sandblast             Erth           26%        2d8       4%          1

Your spell library contained the following spells:

 Spells                   Type           Power      Damage    Failure   Level
 Passwall                 Tmut/Erth      7%         N/A       12%         2
 Stone Arrow              Conj/Erth      14%        3d7       28%         3
 Petrify                  Tmut/Erth      9%         N/A       61%         4


Dungeon Overview and Level Annotations

Branches:
Dungeon (2/15)

Altars:


Innate Abilities, Weirdness & Mutations

You are immune to sickness and miasma.
Your stone body is resilient. (AC +2)
You are immune to poison.
You resist negative energy. (rN+)
You are resistant to electric shocks. (rElec)
You are resistant to unholy torment.
You are immune to petrification.


Message History

You hit the bat.
You kill the bat!
Your Earth Magic skill increases to level 4!
Casting: Sandblast (safe; 4% risk of failure)
Confirm with . or Enter, or press ? or * to list all spells.
Aiming: Sandblast (safe; 4% risk of failure)
Press: ? - help, Shift-Dir - straight line, f - hobgoblin
Aim: a hobgoblin (79% to hit)
The blast of sand misses the hobgoblin.
You climb upwards.
There is a stone staircase leading down here.
Magic restored.
HP restored.
Done exploring.
You climb downwards.
A bat comes into view.
The hobgoblin hits you but does no damage.
The worm bites you but does no damage. The hobgoblin hits you.
There is a stone staircase leading up here.
You thump the worm!
The worm is heavily wounded.
The hobgoblin hits you but does no damage.
The worm closely misses you.
Casting: Sandblast (safe; 4% risk of failure)
Confirm with . or Enter, or press ? or * to list all spells.
Aiming: Sandblast (safe; 4% risk of failure)
Press: ? - help, Shift-Dir - straight line, f - worm
Aim: a worm (moderately wounded, 93% to hit)
The blast of sand hits the worm!
The worm is almost dead.
The hobgoblin hits you.
Casting: Sandblast (safe; 4% risk of failure)
Confirm with . or Enter, or press ? or * to list all spells.
You don't know that spell.
You barely miss the worm.
The worm is almost dead.
The bat barely misses you. The bat hits you but does no damage.
The hobgoblin hits you. The worm bites you!
Ouch! That really hurt!
You die...

. #. . ##### ..
.. ..$. # # .#
.:. ..####.#
##.#### .##....
...#....
.....). .......
.....#
......w#b......
...# #...)@#
..## ##...)g#
.## #......# .#
#)......#. .#
#...#..###. .#
......# #. .#
#...## #. .#
#... .# .##


You could see a worm, a hobgoblin and a bat.

Vanquished Creatures
  An endoplasm (D:1)
  A giant cockroach (D:2)
  2 hobgoblins (D:1)
  2 quokkas (D:2)
  2 bats
  2 goblins
  2 kobolds (D:2)
  A toadstool (D:1)
13 creatures vanquished.

Vanquished Creatures (others)
  2 plants (D:1)
  3 toadstools (D:1)
5 creatures vanquished.

Grand Total: 18 creatures vanquished

Notes
Turn   | Place    | Note
-------+----------+-------------------------------------------
     0 | D:1      | Crownlay the Gargoyle Earth Elementalist began the quest
                  | for the Orb.
     0 | D:1      | Reached XP level 1. HP: 10/10 MP: 3/3
    67 | D:1      | Found a faded altar of an unknown god.
   796 | D:1      | You fall into a shaft and drop 1 floor!
   816 | D:2      | Reached XP level 2. HP: 15/15 MP: 1/5
  1473 | D:2      | Reached skill level 4 in Earth Magic
  1550 | D:2      | Slain by a worm

Illustrated notes

Levels and vault maps discovered:
D:1:      ldierk_water_garden, layout_loops_corners,
          hellmonk_ecumenical_altar_blasted, serial_bayou_lagoon_b
D:2:      layout_loops_ring, serial_shops, shop, hangedman_feature_mirror

Skill      XL: |  1  2 |
---------------+-------+-----
Earth Magic    | 4 |  4.0
Dodging        | |  1.5
Stealth        | |  2.1
Spellcasting   | |  2.6
Transmutations | |  0.7

Action                   || total
-------------------------++-------
Melee: Mace              ||    38
 Cast: Sandblast         ||     7
 Stab: Sleeping          ||     1
Armor: Robe              ||    14
Dodge: Dodged            ||    17
